 Dungeon Crawl Stone Soup version 0.31.0-2-g5a2aebc5c2 (webtiles) character file.

Game seed: 11059631051090434125

620127 groovy9 the Slayer (level 27, -8/192 HPs)
             Began as a Gargoyle Berserker on Jan 20, 2024.
             Was a High Priest of Trog.
             Killed from afar by Jofris Vesimp's ghost (90 damage)
             ... with an iron shot
             ... on level 3 of the Realm of Zot on Jan 21, 2024.
             The game lasted 04:24:25 (63941 turns).

groovy9 the Slayer (Gargoyle Berserker)            Turns: 63941, Time: 04:24:25

Health: -8/192     AC: 55    Str: 37 (38) XL:     27
Magic:  6/6        EV:  9    Int: 12      God:    Trog [*****.]
Gold:   10447      SH: 17    Dex:  9 (10) Spells: 26/26 levels left

rFire   . . .        u - +2 broad axe (antimagic)
rCold   + + .        Z - +1 kite shield {reflect}
rNeg    + + +        O - +0 gold dragon scales
rPois   ∞            n - +2 helmet {SInv}
rElec   +            r - -1 cloak of Spite {rPois rF- rN++ Regen+}
rCorr   .            R - +0 pair of gloves of the Bells {Str+5 Dex+3 Stlth-}
SInv    +            j - +0 pair of boots "Ytofixte" {Rampage rN+ Int+3 SInv}
Will    +++++        Y - amulet of regeneration Stlth
                     U - ring "Mugoobet" {^Contam +Blink rF+ Str-4 SInv}
HPRegen 3.12/turn    d - ring "Lobrix" {Ice rN+ Will+ Str+5 Dex-2}
MPRegen 0.10/turn

%: reflection, rampage
@: mighty, strong-willed, flying, regenerating, studying Long Blades
A: sickness immunity, AC +20, big wings, negative energy resistance 1,
electricity resistance, torment resistance 1, petrification resistance, dopey 1,
low MP 1, strong-willed 1, wild magic 2
}: 4/15 runes: serpentine, barnacled, slimy, silver
a: Renounce Religion, Evoke Blink, Berserk, Trog's Hand, Brothers in Arms


You were on level 3 of the Realm of Zot.
You worshipped Trog.
Trog was extremely pleased with you.
You visited 12 branches of the dungeon, and saw 54 of its levels.
You visited 1 ziggurat, and saw 6 of its levels.
You also visited: Trove, Bailey and Ice Cave.

You collected 13073 gold pieces.
You spent 2626 gold pieces at shops.

Inventory:

Hand Weapons
 o - a +8 vampiric war axe
 u - a +2 antimagic broad axe (weapon)
 X - a +9 heavy broad axe
Armour
 j - the +0 pair of boots "Ytofixte" (worn) {Rampage rN+ Int+3 SInv}
   (You found it on level 2 of the Dungeon)

   Int+3:     It affects your intelligence (+3).
   rN+:       It protects you from negative energy.
   SInv:      It lets you see invisible.
   Rampage:   It bestows one free step when moving towards enemies.
 n - a +2 helmet of see invisible (worn)
 r - the -1 cloak of Spite (worn) {rPois rF- rN++ Regen+}
   (You acquired it on level 4 of the Vaults)

   rF-:       It makes you vulnerable to fire.
   rPois:     It protects you from poison rN++: It greatly protects you from
   negative energy.
   Regen+:    It increases your rate of health regeneration.
 O - +0 gold dragon scales (worn)
 R - the +0 pair of gloves of the Bells (worn) {Str+5 Dex+3 Stlth-}
   (You found it in an ice cave)

   Str+5:     It affects your strength (+5).
   Dex+3:     It affects your dexterity (+3).
   Stlth-:    It makes you less stealthy.
 Z - a +1 kite shield of reflection (worn)
Jewellery
 d - the ring "Lobrix" (right hand) {Ice rN+ Will+ Str+5 Dex-2}
   (You took it off Josephina on level 1 of the Realm of Zot)

   [ring of ice]

   Ice:       It enhances your ice magic.
   Str+5:     It affects your strength (+5).
   Dex-2:     It affects your dexterity (-2).
   rF-:       It makes you vulnerable to fire.
   rC+:       It protects you from cold.
   rN+:       It protects you from negative energy.
   Will+:     It increases your willpower.
 q - the ring of Fyomagei {Wiz rC+ Will+ Dex+3}
   (You found it on level 4 of the Dungeon)

   [ring of wizardry]

   Wiz:       It improves your spell success rate.
   Dex+3:     It affects your dexterity (+3).
   rC+:       It protects you from cold.
   Will+:     It increases your willpower.
 s - a ring of protection from fire
 y - an amulet of reflection
 E - a ring of resist corrosion
 U - the ring "Mugoobet" (left hand) {^Contam +Blink rF+ Str-4 SInv}
   (You bought it in a shop on level 5 of the Vaults)

   [ring of protection from fire]

   Str-4:     It affects your strength (-4).
   rF+:       It protects you from fire.
   SInv:      It lets you see invisible.
   +Blink:    It lets you blink.
   ^Contam:   It causes magical contamination when unequipped.
 Y - an amulet of regeneration (around neck)
Wands
 F - a wand of roots (61)
 I - a wand of polymorph (16)
 S - a wand of digging (16)
Scrolls
 a - 11 scrolls of fear
 c - 23 scrolls of teleportation
 h - a scroll of silence
 k - 9 scrolls of poison
 w - 10 scrolls of immolation
 D - 7 scrolls of vulnerability
 K - 2 scrolls of butterflies
 L - 9 scrolls of blinking
 P - 32 scrolls of identify
 Q - 5 scrolls of fog
 T - 6 scrolls of revelation
 V - 8 scrolls of torment
Potions
 f - 4 potions of invisibility
 i - 5 potions of berserk rage
 l - 10 potions of cancellation
 p - 4 potions of enlightenment
 v - 6 potions of heal wounds
 x - 8 potions of brilliance
 z - 10 potions of mutation
 A - a potion of resistance
 C - 10 potions of attraction
 G - 13 potions of curing
 H - 3 potions of ambrosia
 J - 7 potions of lignification
 W - 7 potions of haste
Miscellaneous
 b - a lightning rod (4/4)
 e - a tin of tremorstones (2/2)
 g - a box of beasts
 M - a phial of floods
 N - a phantom mirror (inert)


   Skills:
 + Level 24.6 Fighting
 + Level 23.8 Axes
 + Level 24.4 Armour
 - Level 1.5 Dodging
 + Level 24.4 Shields
 + Level 15.6 Evocations


You had 26 spell levels left.
You didn't know any spells.
Your spell library was empty.

Dungeon Overview and Level Annotations

Branches:
Dungeon (15/15)            Temple (1/1) D:5            Lair (5/5) D:10
 Shoals (4/4) Lair:3        Snake (4/4) Lair:3        Slime (5/5) Lair:4
    Orc (2/2) D:12            Elf (3/3) Orc:2        Vaults (5/5) D:13
  Crypt (3/3) Vaults:2       Tomb (0/3) Crypt:3      Depths (4/4) D:15
    Zot (3/5) Depths:4     Bailey (visited)           IceCv (visited)

Altars:
Ashenzari
Cheibriados
Dithmenos
Elyvilon
Fedhas
Gozag
Hepliaklqana
Kikubaaqudgha
Makhleb
Nemelex Xobeh
Okawaru
Qazlal
Ru
Sif Muna
Trog
Uskayaw
Vehumet
Wu Jian
Xom
Yredelemnul
Zin
The Shining One
Jiyva

Shops:
D:8 :   D:9 !*   D:14 *   Orc:2 =*[[   Elf:1 (   Elf:2 *   Shoals:1 *
Snake:2 **((   Vaults:2 (**[((   Vaults:5 [?!*=   Depths:4 =?*=

Portals:
Hell: Depths:1 Depths:2 Depths:3 Depths:4
Abyss: Depths:1 Depths:3 Depths:4
Pandemonium: Depths:2

Annotations:
Zot:3 Jofris Vesimp's ghost, legendary GnFE


Innate Abilities, Weirdness & Mutations

You are immune to sickness and miasma.
Your stone body is resilient. (AC +20)
You are immune to poison.
Your large and strong wings let you fly.
You resist negative energy. (rN+)
You are resistant to electric shocks. (rElec)
You are resistant to unholy torment.
You are immune to petrification.
You are dopey. (Int -2)
Your magical capacity is low. (-10% MP)
You are strong-willed. (Will+)
Your spells are harder to cast, but more powerful.


Message History

Jofris Vesimp's ghost is moderately damaged.
You completely miss Jofris Vesimp's ghost.
Jofris Vesimp's ghost is moderately damaged.
Jofris Vesimp's ghost casts a spell. 3 ball lightnings come into view.
You completely miss Jofris Vesimp's ghost.
Jofris Vesimp's ghost is moderately damaged.
You slash the ball lightning! x2
The ball lightning explodes!
The blast of lightning engulfs you!! You resist.
The blast of lightning engulfs Jofris Vesimp's ghost!
Jofris Vesimp's ghost resists.
The blast of lightning engulfs the ball lightning.
The ball lightning completely resists.
The ball lightning explodes!
The blast of lightning engulfs Jofris Vesimp's ghost!!
Jofris Vesimp's ghost resists.
The blast of lightning engulfs you!! You resist.
The blast of lightning engulfs the ball lightning.
The ball lightning completely resists.
Jofris Vesimp's ghost hits you.
You hear a roar!
You hear a deafening roar!
Aiming: Phantom Mirror
Press: ? - help, Dir - move target, f - Jofris Vesimp's ghost
Aim: Jofris Vesimp's ghost, wielding a heavy weapon (heavily damaged)
You reflect Jofris Vesimp's ghost with the mirror!
The mirror clouds!
The ball lightning explodes!
The blast of lightning engulfs Jofris Vesimp's ghost!
Jofris Vesimp's ghost resists.
The blast of lightning engulfs Jofris Vesimp's ghost!
Jofris Vesimp's ghost resists.
The blast of lightning engulfs you!! You resist.
* * * LOW HITPOINT WARNING * * *
Jofris Vesimp's ghost hits you but does no damage.
Jofris Vesimp's ghost closely misses Jofris Vesimp's ghost.
Jofris Vesimp's ghost closely misses Jofris Vesimp's ghost.
Jofris Vesimp's ghost wails.
You feel much better.
Jofris Vesimp's ghost gestures at you while chanting.
The iron shot hits you!!!!
You die...

...## #...[)..#...##...# #....#
#...## #...........##...# #...##
#...T## #...#.......#.#### ######
#.....###...##...(...## ##.
####...##...###......# ##..
..###...#...####.....## ##...
............§..W...)..## ##....
..#####......##W.......## ##..†..
.....##.).....#.@.......###......
.....###.)........##.....#.....##
.....####)........###..........#
........W....................####
.......(.)...>...................
.................................
...#...###.......................
...#.[.# #####.....###.....###...
####...# #.....# #.....# ####


You could see Jofris Vesimp's ghost (ally target) and the friendly Jofris
Vesimp's ghost (summoned, drained).

Vanquished Creatures
  the Royal Jelly (Slime:5)
  A pandemonium lord (Zig:4)
  A dread lich (Depths:4)
  An ancient lich (Vaults:5)
  2 juggernauts
  Xtahua (Crypt:3)
  Josephina (Zot:1)
  Bai Suzhen (Vaults:4)
  3 Killer Klowns
  A curse toe (Zot:3)
  10 golden dragons
  An electric golem (Zot:1)
  An iron giant (Zig:6)
  6 liches
  9 tentacled monstrosities
  A hellephant (Crypt:3)
  Zenata (Vaults:1)
  4 deep elf blademasters (Elf:3)
  7 titans
  4 deep elf master archers (Elf:3)
  9 quicksilver dragons
  3 sphinxes
  22 acid blobs
  4 ancient champions
  A tentacled starspawn (Zig:1)
  7 death cobs
  3 krakens
  A daeva (Vaults:2)
  7 shadow dragons
  Agnes (Snake:1)
  Polyphemus (Shoals:2)
  6 storm dragons
  Kirke (D:14)
  9 tengu reavers
  Frances (Snake:1)
  Aizul (Snake:1)
  Donald (Shoals:2)
  A revenant (Crypt:2)
  6 nagarajas
  6 azure jellies
  4 draconian knights
  4 draconian monks
  Ilsuiw (Shoals:2)
  2 protean progenitors (Zot:3)
  7 deep elf sorcerers
  2 draconian scorchers
  17 vault wardens
  13 frost giants
  7 fire giants
  8 deep elf elementalists (Elf:3)
  14 rockslimes
  7 draconian shifters
  A balrug (Depths:1)
  3 curse skulls
  3 iron dragons
  4 ghost moths
  A draconian stormcaller (Zot:2)
  2 orc warlords
  3 draconian annihilators (Zot:3)
  9 reapers
  2 spriggan defenders (Depths:2)
  7 formless jellyfish
  A ghoul (Crypt:3)
  2 spectral caustic shrikes (Crypt:3)
  Louise (Shoals:1)
  A stone giant (shapeshifter) (Zig:5)
  16 stone giants
  25 very ugly things
  17 ironbound preservers
  7 quicksilver oozes
  6 green draconians
  6 vampire knights
  8 deep elf annihilators
  4 ironbound thunderhulks
  Nessos (D:15)
  A spectral titan (Crypt:3)
  10 black draconians
  7 war gargoyles
  4 purple draconians
  12 dire elephants
  7 yellow draconians
  4 red draconians
  9 deep elf demonologists
  4 spark wasps
  8 white draconians
  13 deep elf death magi
  The ghost of Ined the Severer, a journeyman MiBe of Trog (D:13)
  Snorg (D:11)
  10 eidola
  A green death (Zig:4)
  7 fire dragons
  10 merfolk javelineers
  5 jiangshi (Crypt:3)
  17 ettins
  A spectral quicksilver dragon (Crypt:3)
  3 entropy weavers
  16 ice dragons
  A merfolk impaler (Shoals:1)
  The ghost of Vadun the Cleaver, a journeyman MiMo of Qazlal (D:10)
  5 rakshasas
  A salamander tyrant (Snake:4)
  14 great orbs of eyes
  6 deep elf high priests
  4 spectral spriggans (Crypt:3)
  12 yaktaur captains
  6 hydras
  Fannar (Orc:1)
  2 peacekeepers
  4 ogre magi
  32 vault guards
  3 spriggan air magi
  An alligator snapping turtle (Shoals:4)
  The ghost of snydleywhiplash the Severer, a journeyman MiFi of Okawaru (D:9)
  16 anacondas
  14 boulder beetles
  2 catoblepae
  11 ironbound frosthearts
  A fenstrider witch skeleton (Crypt:1)
  2 merfolk aquamancers (Shoals:4)
  2 satyrs
  11 centaur warriors
  9 deep troll earth magi
  6 deep troll shamans
  3 death yaks (Shoals:2)
  2 merfolk avatars (Shoals:2)
  12 two-headed ogres
  12 naga warriors
  An orc high priest (Orc:2)
  10 tengu warriors
  A bennu skeleton (Crypt:1)
  11 spriggan berserkers
  6 vampire magi
  A shock serpent (shapeshifter) (Elf:3)
  An occultist (D:12)
  25 dancing weapons
  Urug (D:13)
  5 hell hogs (Depths:3)
  10 naga sharpshooters
  7 shock serpents
  A spectral dire elephant (Crypt:3)
  Nergalle (Lair:3)
  3 spectral nagas (Crypt:3)
  3 soul eaters (Depths:1)
  4 spectral storm dragons (Crypt:3)
  A sun demon (Depths:1)
  3 hell knights
  6 spriggans
  2 sixfirhies
  12 deep elf knights
  7 iron trolls
  A titan skeleton (Crypt:1)
  5 skysharks
  Lodul (D:13)
  14 sea snakes
  A goliath frog (Lair:5)
  4 shadow wraiths
  44 skeletal warriors
  3 salamander mystics (Depths:3)
  An orb spider (shapeshifter) (Depths:2)
  3 arcanists
  A quicksilver dragon simulacrum (Zot:1)
  64 deep trolls
  A kraken simulacrum (Shoals:4)
  A bog body (Crypt:3)
  A glowing orange brain (Depths:1)
  9 mana vipers
  A mana viper (shapeshifter) (Depths:2)
  A golden dragon skeleton (Depths:1)
  4 deep elf archers
  2 orange crystal statues
  6 flayed ghosts
  10 ironbound convokers
  18 deep elf pyromancers
  5 naga ritualists
  4 lindwurms
  10 orc knights
  5 harpies
  38 ugly things
  17 deep elf zephyrmancers
  6 necromancers
  15 phantasmal warriors
  An obsidian statue (Depths:1)
  An iron dragon zombie (Crypt:1)
  3 shining eyes
  A spectral ettin (Crypt:3)
  8 orc sorcerers
  A wolf spider (Vaults:4)
  16 manticores
  20 salamanders
  A shining eye (shapeshifter) (Vaults:5)
  A manticore (shapeshifter) (Vaults:5)
  8 cyclopes
  14 moths of wrath
  A faun (shapeshifter) (Elf:1)
  9 fauns
  3 meliai (D:14)
  A shadow dragon skeleton (Vaults:3)
  A spectral centaur (Crypt:3)
  8 merfolk sirens
  2 meliai (shapeshifter)
  An apocalypse crab (Zig:5)
  23 black mambas
  A fire giant skeleton (Crypt:2)
  4 naga magi
  A stone giant skeleton (Depths:1)
  10 elephants
  21 vault sentinels
  A kobold blastminer (Orc:2)
  4 guardian serpents (Snake:4)
  7 water nymphs
  An alligator snapping turtle zombie (Crypt:1)
  2 smoke demons
  A dire elephant zombie (Crypt:1)
  4 eyes of devastation
  A storm dragon simulacrum (Zot:1)
  11 gargoyles
  A titan simulacrum (Crypt:3)
  18 cane toads
  A yellow draconian zombie (Crypt:3)
  3 kobold demonologists
  30 yaktaurs
  An efreet (D:13)
  A torpor snail (shapeshifter) (Vaults:5)
  A mana viper skeleton (Crypt:1)
  29 rime drakes
  3 tengu conjurers
  12 komodo dragons
  An unseen horror (D:11)
  9 freezing wraiths (Crypt:3)
  Psyche (D:12)
  28 merfolk
  3 burning bushes (Lair:2)
  A tormentor (Depths:1)
  2 red devils (Depths:1)
  12 polar bears
  A spectral harpy (Crypt:3)
  A guardian mummy (Crypt:1)
  10 trolls
  Prince Ribbit (D:8)
  2 tyrant leeches (Lair:5)
  A hellwing (Depths:1)
  A wolf spider simulacrum (D:12)
  A tarantella (Vaults:4)
  7 wind drakes
  10 hornets
  19 blink frogs
  5 dream sheep (Lair:4)
  A blink frog (shapeshifter) (Elf:1)
  6 saltlings (Orc:2)
  7 glass eyes
  A jumping spider (Vaults:4)
  11 snapping turtles
  A raiju (shapeshifter) (D:12)
  108 slime creatures
  A centaur simulacrum (Crypt:3)
  A snapping turtle (shapeshifter) (Vaults:5)
  Sigmund (D:5)
  A black mamba zombie (Crypt:1)
  5 shadows
  3 wyverns
  2 vampires
  A dire elephant simulacrum (Crypt:3)
  2 hogs (D:14)
  12 wraiths
  68 yaks
  14 water elementals
  A warg (Orc:1)
  2 fire elementals
  16 humans (D:13)
  9 vampire mosquitoes
  2 neqoxecs
  2 steam dragons
  12 basilisks
  15 golden eyes
  6 redbacks
  A chaos spawn (Zig:5)
  A red draconian simulacrum (Zot:1)
  31 nagas
  3 acid dragons
  20 water moccasins
  17 orc warriors
  A moth of wrath simulacrum (Zot:1)
  A warg (shapeshifter) (Elf:1)
  A black bear (shapeshifter) (Elf:1)
  3 sky beasts
  An ice beast (D:6)
  3 ettin simulacra (Depths:3)
  A black bear (D:4)
  5 laughing skulls (Crypt:1)
  7 ogres
  A wolf (shapeshifter) (Elf:1)
  21 wolves
  A dream sheep skeleton (Crypt:1)
  3 centaurs
  A phantom (D:6)
  A snapping turtle skeleton (Crypt:1)
  2 kobold brigands
  A weeping skull (D:9)
  15 bullfrogs
  2 necrophages (Crypt:3)
  4 gnoll sergeants
  An earth elemental (Zig:6)
  A komodo dragon skeleton (Crypt:1)
  6 scorpions
  7 wights
  4 killer bees (D:10)
  2 human simulacra (Vaults:3)
  A shapeshifter skeleton (Crypt:3)
  6 jellies
  9 vampire bats (Bailey)
  3 howler monkeys
  4 electric eels
  4 wolf zombies (Bailey)
  A bombardier beetle (D:5)
  3 quasits (D:9)
  A centaur skeleton (Crypt:1)
  2 gnoll boudas (D:7)
  5 hounds
  A bullfrog skeleton (Crypt:2)
  4 human zombies
  16 orc priests
  3 human skeletons (Crypt:1)
  Jessica (D:2)
  5 iguanas
  Natasha (thrice) (D:2)
  20 orc wizards
  6 hell rats (Lair:1)
  A naga zombie (Crypt:1)
  A deep dwarf zombie (Crypt:3)
  4 mummies (Crypt:1)
  Robin (D:3)
  25 gnolls
  9 adders
  10 river rats (Lair:1)
  A steam dragon skeleton (Crypt:2)
  4 white imps
  3 dart slugs
  3 ribbon worms (D:2)
  54 orcs
  5 ball pythons
  6 bats
  8 endoplasms
  A giant cockroach (D:1)
  15 goblins
  16 hobgoblins
  12 jackals
  14 quokkas
  A ball python skeleton (Crypt:3)
  4 frilled lizards
  A frilled lizard zombie (Crypt:3)
  A goblin zombie (Crypt:2)
  A hobgoblin skeleton (Crypt:2)
  10 kobolds
  22 orc zombies (Bailey)
  22 rats
  A river rat skeleton (Crypt:2)
  A spectral orc (D:9)
  A spectral weapon (Elf:3)
  2 starspawn tentacles (Zig:1)
  7 tentacles
2384 creatures vanquished.

Vanquished Creatures (collateral kills)
  A Killer Klown (Zot:3)
  Margery (Crypt:3)
  Jory (Vaults:2)
  A tentacled monstrosity (Zot:1)
  A quicksilver dragon (Vaults:5)
  A titan (Depths:1)
  A storm dragon (Zot:3)
  A draconian monk (Zot:2)
  A draconian scorcher (Zot:2)
  A deep elf elementalist (Elf:3)
  An angel (Vaults:2)
  A stone giant (Depths:1)
  An ironbound preserver (Vaults:2)
  A deep elf demonologist (Elf:3)
  A black draconian (Zot:3)
  A yellow draconian (Zot:2)
  A yaktaur captain (Vaults:2)
  A spriggan air mage (Depths:1)
  A deep troll shaman (Depths:1)
  A naga warrior (Snake:4)
  A tengu warrior (Depths:1)
  A hell knight (Crypt:3)
  A naga sharpshooter (Snake:4)
  A spectral anaconda (Crypt:3)
  3 deep trolls (Vaults:3)
  An orange crystal statue (Zot:3)
  A phantasmal warrior (Crypt:3)
  A naga ritualist (Snake:4)
  An orc knight (Vaults:3)
  A deep elf pyromancer (Elf:3)
  An ironbound convoker (Vaults:2)
  A moth of wrath (Zot:2)
  A guardian serpent (Snake:4)
  A vault sentinel (Vaults:2)
  A naga mage (Snake:4)
  3 freezing wraiths (Crypt:3)
  A shadow (Crypt:3)
  A slime creature (Vaults:2)
42 creatures vanquished.

Vanquished Creatures (others)
  A caustic shrike (Zig:6)
  A golden dragon (Zot:3)
  A tentacled monstrosity (Zot:3)
  A quicksilver dragon (Zot:3)
  A death cob (Zot:3)
  A shadow dragon (Zot:3)
  2 draconian scorchers
  A draconian shifter (Zot:3)
  A frost giant (IceCv)
  A ghost moth (Zot:3)
  A cacodemon (Zot:3)
  An ice dragon (Depths:4)
  A deep elf zephyrmancer (Elf:3)
  A deep elf pyromancer (Elf:3)
  3 moths of wrath (Zot:3)
  A polar bear (IceCv)
  A water elemental (Depths:4)
  A naga (Snake:3)
  An orc wizard (Orc:1)
  9 ball lightnings (Zot:3)
  13 tentacles
44 creatures vanquished.

Grand Total: 2470 creatures vanquished

Notes
Turn   | Place    | Note
-------+----------+-------------------------------------------
     0 | D:1      | groovy9 the Gargoyle Berserker began the quest for the Orb.
     0 | D:1      | Reached XP level 1. HP: 14/14 MP: 1/1
   167 | D:1      | Reached XP level 2. HP: 14/19 MP: 2/2
  1042 | D:1      | Reached XP level 3. HP: 20/23 MP: 3/3
  1360 | D:2      | Noticed Natasha
  1365 | D:2      | Killed Natasha
  1366 | D:2      | Reached XP level 4. HP: 29/29 MP: 4/4
  1403 | D:2      | Noticed Jessica
  1415 | D:2      | Killed Jessica
  1809 | D:2      | Identified the +0 pair of boots "Ytofixte" {Rampage rN+
                  | Int+3 SInv}
  1811 | D:2      | Reached XP level 5. HP: 33/33 MP: 5/5
  1878 | D:2      | Noticed Natasha
  1886 | D:2      | Killed Natasha
  2009 | D:2      | Reached ** piety under Trog
  2283 | D:2      | Noticed Natasha
  2299 | D:2      | Killed Natasha
  2555 | D:3      | Noticed Robin
  2576 | D:3      | Killed Robin
  2753 | D:3      | Reached XP level 6. HP: 39/39 MP: 6/6
  2837 | D:3      | Identified the +4 dagger of the Aged Portals {flame, *Slow
                  | rPois rF++}
  2976 | D:3      | Found a stormy altar of Qazlal.
  3365 | D:4      | Noticed a black bear
  3376 | D:4      | Killed a black bear
  3377 | D:4      | Reached skill level 5 in Fighting
  3377 | D:4      | Reached skill level 5 in Axes
  3411 | D:4      | Reached XP level 7. HP: 43/44 MP: 7/7
  3487 | D:4      | Found an iron altar of Okawaru.
  4104 | D:4      | Identified the ring of Fyomagei {Wiz rC+ Will+ Dex+3}
  4198 | D:5      | Entered Level 5 of the Dungeon
  4418 | D:5      | Found a glowing silver altar of Zin.
  4517 | D:5      | Noticed Sigmund
  4530 | D:5      | Killed Sigmund
  4531 | D:5      | Reached skill level 5 in Armour
  4531 | D:5      | Reached XP level 8. HP: 51/51 MP: 8/8
  4575 | D:5      | Found a staircase to the Ecumenical Temple.
  4584 | Temple   | Entered the Ecumenical Temple
  4878 | D:5      | Found a shimmering altar of Xom.
  5051 | D:5      | Found a shimmering blue altar of Sif Muna.
  5319 | D:6      | Reached XP level 9. HP: 56/56 MP: 9/9
  6435 | D:7      | Noticed a hornet
  6442 | D:7      | Killed a hornet
  6728 | D:7      | Found a shadowy altar of Dithmenos.
  7130 | D:8      | Found Seurheu's Book Boutique.
  7244 | D:8      | Reached XP level 10. HP: 64/64 MP: 10/10
  7600 | D:8      | Reached skill level 10 in Axes
  7612 | D:8      | Reached *** piety under Trog
  7625 | D:8      | Noticed Prince Ribbit
  7634 | D:8      | Killed Prince Ribbit
  8029 | D:9      | Found Tialuras's Distillery.
  8108 | D:9      | Found a transporter.
  8118 | D:9      | Noticed snydleywhiplash's ghost (journeyman MiFi)
  8262 | D:9      | Found a basalt altar of Yredelemnul.
  8307 | D:9      | Found Ritor's Assorted Antiques.
  8372 | D:9      | Reached XP level 11. HP: 68/71 MP: 11/11
  8562 | D:9      | Found a flagged portal.
  8572 | Bailey   | Entered a bailey
  8710 | Bailey   | Reached skill level 10 in Fighting
  9027 | Bailey   | Reached **** piety under Trog
  9098 | D:9      | Bought a scroll labelled GISYLA PESOREUSE for 22 gold
                  | pieces
  9098 | D:9      | Bought a scroll labelled BINEGROECW for 22 gold pieces
  9204 | D:9      | Found a sparkling altar of Nemelex Xobeh.
  9221 | D:9      | Reached skill level 10 in Armour
  9321 | D:9      | Found a transporter.
  9350 | D:9      | Bought a potion of might for 56 gold pieces
  9610 | D:9      | Killed snydleywhiplash's ghost
  9678 | D:10     | Entered Level 10 of the Dungeon
  9963 | D:10     | Reached skill level 1 in Shields
 10176 | D:10     | Found a runed translucent gate.
 10176 | D:10     | Found a runed translucent gate.
 10176 | D:10     | Noticed an 11-headed hydra
 10176 | D:10     | Noticed Vadun's ghost (journeyman MiMo)
 10177 | D:10     | Noticed a ten-headed hydra
 10178 | D:10     | Found a runed translucent gate.
 10342 | D:10     | Killed a ten-headed hydra
 10463 | D:10     | Killed Vadun's ghost
 10464 | D:10     | Reached XP level 12. HP: 79/79 MP: 12/12
 10596 | D:10     | Found a staircase to the Lair.
 10755 | D:10     | Killed an 11-headed hydra
 11146 | D:11     | Noticed a boulder beetle
 11164 | D:11     | Killed a boulder beetle
 11279 | D:11     | Noticed Snorg
 11299 | D:11     | Killed Snorg
 11340 | D:11     | Noticed a two-headed ogre
 11353 | D:10     | Killed a two-headed ogre
 11464 | D:11     | Noticed a boulder beetle
 11501 | D:11     | Killed a boulder beetle
 12594 | Lair:1   | Entered Level 1 of the Lair of Beasts
 12756 | Lair:1   | Reached skill level 5 in Shields
 13065 | Lair:1   | Reached ***** piety under Trog
 13317 | Lair:1   | Reached XP level 13. HP: 75/85 MP: 13/13
 13602 | Lair:1   | You fall into a shaft and drop 1 floor!
 14729 | Lair:3   | Received a gift from Trog
 14931 | Lair:3   | Found a staircase to the Shoals.
 15194 | Lair:3   | Noticed Nergalle
 15210 | Lair:3   | Killed Nergalle
 15315 | Lair:3   | Found a staircase to the Snake Pit.
 16009 | Lair:4   | Reached skill level 15 in Axes
 16009 | Lair:4   | Gained mutation: Your large and strong wings let you fly.
                  | [Gargoyle growth]
 16009 | Lair:4   | Reached XP level 14. HP: 66/92 MP: 14/14
 16259 | Lair:4   | Found a staircase to the Slime Pits.
 16260 | Lair:4   | Found a viscous altar of Jiyva.
 16752 | Lair:5   | Entered Level 5 of the Lair of Beasts
 17160 | Lair:5   | Reached ****** piety under Trog
 17192 | Lair:5   | Received a gift from Trog
 17699 | Lair:5   | Identified the +5 scale mail of Orthodoxy {rF+ Will+}
 18359 | D:12     | Noticed Psyche
 18364 | D:12     | Killed Psyche
 18457 | D:12     | Found a staircase to the Orcish Mines.
 18468 | D:12     | Identified the +4 trident of the Twelve Songs {protect,
                  | Str+3}
 18646 | D:12     | Noticed a tengu reaver
 18651 | D:12     | Reached XP level 15. HP: 100/100 MP: 15/15
 18816 | D:12     | Killed a tengu reaver
 19301 | D:12     | Reached skill level 10 in Shields
 19575 | D:12     | Found a portal to a secret trove of treasure.
 19779 | D:9      | Bought a potion of curing for 42 gold pieces
 19779 | D:9      | Bought a potion of curing for 42 gold pieces
 20086 | Orc:1    | Entered Level 1 of the Orcish Mines
 20137 | Orc:1    | Noticed Fannar
 20165 | Orc:1    | Killed Fannar
 20174 | Orc:1    | Received a gift from Trog
 20235 | Orc:1    | You are sucked into a shaft and drop 1 floor!
 20235 | Orc:2    | Entered Level 2 of the Orcish Mines
 20299 | Orc:2    | Found a staircase to the Elven Halls.
 20927 | Orc:2    | Found Tyithiev's Antique Armour Shoppe.
 20944 | Orc:2    | Found Joenlayne's Armour Shoppe.
 21142 | Orc:2    | Found Aryhufot's Jewellery Shop.
 21364 | Orc:2    | Found Gigac's Assorted Antiques.
 21382 | Orc:2    | Bought a potion of curing for 87 gold pieces
 21479 | D:13     | Noticed Urug
 21479 | D:13     | Noticed Lodul
 21479 | D:13     | Found a gate to the Vaults.
 21488 | D:13     | Killed Lodul
 21489 | D:13     | Reached XP level 16. HP: 107/107 MP: 16/16
 21492 | D:13     | Killed Urug
 21500 | D:13     | Reached skill level 15 in Fighting
 21632 | D:13     | Found a runed translucent door.
 21641 | D:13     | Noticed Ined's ghost (journeyman MiBe)
 21672 | D:13     | Killed Ined's ghost
 22461 | D:14     | You are sucked into a shaft and drop 1 floor!
 22461 | D:15     | Entered Level 15 of the Dungeon
 22615 | D:14     | Found Zioxodam's Serpentskin Sales.
 22638 | D:14     | Reached skill level 15 in Armour
 22813 | D:14     | Received a gift from Trog
 22863 | D:14     | Noticed Kirke
 22891 | D:14     | Killed Kirke
 23678 | D:15     | Found a hide-covered altar of Uskayaw.
 24140 | D:15     | Noticed Nessos
 24145 | D:15     | Killed Nessos
 24351 | D:15     | Found a staircase to the Depths.
 24998 | Snake:1  | Entered Level 1 of the Snake Pit
 25222 | Snake:1  | Noticed Agnes
 25236 | Snake:1  | Killed Agnes
 25655 | Snake:1  | Noticed Frances
 25674 | Snake:1  | Killed Frances
 25752 | Snake:1  | Identified the serpent talisman "Pepaby" {rF+ rC+ Int-3}
 25752 | Snake:1  | Noticed Aizul
 25778 | Snake:1  | Killed Aizul
 25779 | Snake:1  | Reached XP level 17. HP: 115/115 MP: 17/17
 26309 | Snake:2  | Found Toeduaru's Assorted Antiques.
 26341 | Snake:2  | Received a gift from Trog
 26432 | Snake:2  | Found Tuisity's Assorted Antiques.
 26584 | Snake:2  | Found Vuij's Weapon Emporium.
 26735 | Snake:2  | Found Ataorucw's Antique Weapon Shop.
 28982 | Snake:4  | Entered Level 4 of the Snake Pit
 29278 | Snake:4  | Received a gift from Trog
 29301 | Snake:4  | Reached skill level 15 in Shields
 29589 | Snake:4  | Reached XP level 18. HP: 122/122 MP: 18/18
 30080 | Snake:4  | Got a serpentine rune of Zot
 30291 | Shoals:1 | Entered Level 1 of the Shoals
 30690 | Shoals:1 | Found Cuturiud's Overcharged Wands.
 30693 | Shoals:1 | Noticed Louise
 30711 | Shoals:1 | Killed Louise
 30789 | Shoals:1 | Identified the +8 quarterstaff of the Toadstool {freeze,
                  | +Blink rElec Will+}
 30792 | Shoals:1 | Found a glacial archway.
 30803 | IceCv    | Entered an ice cave
 31109 | IceCv    | Found the +4 skin of Zhor {*Englaciate rC+++ SInv}
 31147 | IceCv    | Received a gift from Trog
 31690 | IceCv    | Identified the +0 pair of gloves of the Bells {Str+5 Dex+3
                  | Stlth-}
 32069 | Shoals:1 | Noticed a titan
 32104 | Shoals:1 | Killed a titan
 32695 | Shoals:2 | Received a gift from Trog
 32704 | Shoals:2 | Noticed Polyphemus
 32724 | Shoals:2 | Killed Polyphemus
 32784 | Shoals:2 | Noticed Ilsuiw
 32795 | Shoals:2 | Killed Ilsuiw
 33186 | Shoals:2 | Noticed Donald
 33199 | Shoals:2 | Killed Donald
 33745 | Shoals:3 | Reached XP level 19. HP: 128/128 MP: 19/19
 34766 | Shoals:4 | Entered Level 4 of the Shoals
 35189 | Shoals:4 | Received a gift from Trog
 35343 | Shoals:4 | Reached skill level 1 in Evocations
 35873 | Shoals:4 | Got a barnacled rune of Zot
 36297 | Elf:1    | Entered Level 1 of the Elven Halls
 36522 | Elf:1    | Found Wuczafass's Antique Weapon Boutique.
 37476 | Elf:2    | Noticed an Ice Fiend
 37477 | Elf:2    | Noticed a Tzitzimitl
 37606 | Elf:2    | Found a runed translucent gate.
 37606 | Elf:2    | Found a runed translucent gate.
 37606 | Elf:2    | Found a runed translucent gate.
 37637 | Elf:2    | Received a gift from Trog
 37887 | Elf:2    | Found Quatelit's General Store.
 38905 | Vaults:1 | Entered Level 1 of the Vaults
 38956 | Vaults:1 | Reached XP level 20. HP: 136/137 MP: 20/20
 39956 | Vaults:1 | Noticed Zenata
 39970 | Vaults:1 | HP: 10/205 [+1 trident of venom[Zenata] (3)]
 39973 | Vaults:1 | HP: 3/205 [+2 antimagic hand axe[Zenata] (8)]
 39974 | Vaults:1 | Killed Zenata
 40068 | Vaults:1 | Reached skill level 5 in Evocations
 40071 | Vaults:1 | Received a gift from Trog
 40338 | D:12     | You paid a toll of 14 potions of curing to enter a treasure
                  | trove
 40339 | Trove    | Entered a treasure trove
 40373 | Trove    | Identified the amulet of Autumn {RegenMP SInv}
 40383 | Trove    | Identified the +8 glaive "Olira Roz" {drain, rElec rC- rN+
                  | Dex+4}
 40568 | Elf:3    | Entered Level 3 of the Elven Halls
 40582 | Elf:3    | Identified the +5 trident of Transparent Valour {vamp,
                  | Str+3 Int+3 Stlth-}
 41130 | Elf:3    | Identified the +2 scale mail of Perpetual Drought {rElec
                  | rF+ Dex-2 Stlth+}
 41213 | Elf:3    | Identified the +0 great mace of Bitebe {drain, rElec Will+
                  | Int+2}
 41274 | Elf:3    | Identified the +6 orcbow of Veibedd {speed, rPois Str-4
                  | Int+10}
 41927 | Elf:3    | Identified the staff of the Middle {rN+ Int+2 Necro}
 41947 | Elf:3    | Reached XP level 21. HP: 139/144 MP: 7/21
 41947 | Elf:3    | Identified the +6 hand axe of the Writhing Boar {antimagic,
                  | *Rage rElec Will+ Int+7}
 42173 | Elf:3    | Identified the +5 glaive "Mahoxt" {elec, rPois Will+}
 42173 | Elf:3    | Identified the ring "Olotuabo" {MP+9 Str+3}
 42277 | Elf:3    | Identified the +3 long sword of Accord {freeze, Int+10
                  | Dex-2 Stlth+}
 42710 | Vaults:2 | Found a staircase to the Crypt.
 42716 | Vaults:2 | Received a gift from Trog
 43043 | Vaults:2 | Found Orieduo's Weapon Shop.
 43069 | Vaults:2 | Found Balialol's General Store.
 43071 | Vaults:2 | Found Zelaoher's Weapon Boutique.
 43077 | Vaults:2 | Bought a potion of heal wounds for 105 gold pieces
 43150 | Vaults:2 | Found Mingetzo's General Store.
 43294 | Vaults:2 | Noticed Jory
 43316 | Vaults:2 | Killed Jory
 43490 | Vaults:2 | Found Latoanei's Armour Emporium.
 43590 | Vaults:2 | Found Gikhuw's Weapon Shop.
 43697 | Vaults:2 | Found a runed translucent gate.
 43697 | Vaults:2 | Found a runed translucent gate.
 43697 | Vaults:2 | Found a runed translucent gate.
 43903 | Vaults:2 | Found a glowing golden altar of the Shining One.
 45257 | Vaults:3 | Received a gift from Trog
 45535 | Vaults:3 | Reached XP level 22. HP: 127/152 MP: 22/22
 45933 | Vaults:2 | Bought a +1 cloak of stealth for 346 gold pieces
 46372 | Vaults:4 | Noticed Bai Suzhen
 46398 | Vaults:4 | Killed Bai Suzhen
 46723 | Vaults:4 | Identified a scroll of acquirement
 46748 | Vaults:4 | Acquired the -1 cloak of Spite {rPois rF- rN++ Regen+}
 47222 | Vaults:5 | Entered Level 5 of the Vaults
 47310 | Vaults:5 | Received a gift from Trog
 47338 | Vaults:5 | Identified the ring "Moara" {Fly rC+ SInv Stlth+}
 47600 | Vaults:5 | Noticed a golden dragon
 47800 | Vaults:5 | Killed a golden dragon
 47872 | Vaults:5 | Received a gift from Trog
 47872 | Vaults:5 | Found Mosasoih's Jewellery Shoppe.
 47899 | Vaults:5 | Bought the ring "Mugoobet" {^Contam +Blink rF+ Str-4 SInv}
                  | for 467 gold pieces
 47952 | Vaults:5 | Reached XP level 23. HP: 158/158 MP: 23/23
 48013 | Vaults:5 | Reached skill level 10 in Evocations
 48018 | Vaults:5 | Noticed a golden dragon
 48026 | Vaults:5 | Killed a golden dragon
 48195 | Vaults:5 | Noticed an ancient lich
 48217 | Vaults:5 | Killed an ancient lich
 48516 | Vaults:5 | Identified the +6 trident of a bazaar {speed, ^Contam Fly
                  | rCorr}
 48551 | Vaults:5 | Got a silver rune of Zot
 48646 | Vaults:5 | Found Juekhu's Distillery.
 48647 | Vaults:5 | Found Xagilyo's General Store.
 48657 | Vaults:5 | Found Ceezxel's Antique Armour Shoppe.
 48689 | Vaults:5 | Bought a potion of curing for 60 gold pieces
 48689 | Vaults:5 | Bought a potion of heal wounds for 100 gold pieces
 48689 | Vaults:5 | Bought a potion of might for 80 gold pieces
 48689 | Vaults:5 | Bought 2 potions of lignification for 120 gold pieces
 48700 | Vaults:5 | Bought a ring of protection from fire for 350 gold pieces
 48700 | Vaults:5 | Bought a scroll of fear for 56 gold pieces
 48700 | Vaults:5 | Bought a potion of heal wounds for 70 gold pieces
 48760 | Vaults:5 | Found Remomi Iton's Magic Scroll Shoppe.
 48765 | Vaults:5 | Bought a scroll of enchant weapon for 97 gold pieces
 48765 | Vaults:5 | Bought a scroll of poison for 52 gold pieces
 48765 | Vaults:5 | Bought a scroll of enchant armour for 97 gold pieces
 48790 | Vaults:5 | Noticed a golden dragon
 48795 | Vaults:5 | Killed a golden dragon
 49132 | Vaults:5 | Gained mutation: Your natural rate of healing is unusually
                  | fast. [mutagenic glow]
 49133 | Vaults:5 | Upgraded the game from 0.31.0 to 0.31.0-2-g5a2aebc5c2
 49211 | Crypt:1  | Entered Level 1 of the Crypt
 49835 | Crypt:1  | Identified the +6 broad axe of Bocroge {flame, rElec Str+3}
                  | (Trog gifted it to you on level 1 of the Crypt)
 49835 | Crypt:1  | Received a gift from Trog
 50975 | Crypt:3  | Entered Level 3 of the Crypt
 51031 | Crypt:3  | Found a staircase to the Tomb.
 51147 | Crypt:3  | Found a magical portal.
 51175 | Crypt:3  | Identified the +4 scale mail of the Sixty-Six Friends {+Inv
                  | rN+}
 51249 | Crypt:3  | Noticed Margery
 51258 | Crypt:3  | Killed Margery
 51283 | Crypt:3  | Received a gift from Trog
 51312 | Crypt:3  | Noticed Xtahua
 51328 | Crypt:3  | Killed Xtahua
 51329 | Crypt:3  | Reached XP level 24. HP: 69/166 MP: 23/23
 51453 | Crypt:3  | Identified the staff of Superiority {rC+ rN+ Conj Summ
                  | Tloc}
 51456 | Crypt:3  | Acquired 1132 gold pieces
 51895 | Crypt:3  | Received a gift from Trog
 52597 | Slime:1  | Entered Level 1 of the Pits of Slime
 52723 | Slime:3  | Gained mutation: Your health recovers twice as slowly from
                  | being drained. [a shining eye]
 52724 | Slime:3  | Gained mutation: Potions are less effective at restoring
                  | your health. [a shining eye]
 52739 | Slime:3  | Gained mutation: You are weak. (Str -2) [a shining eye]
 52740 | Slime:3  | Lost mutation: You are weak. (Str -2) [a shining eye]
 52744 | Slime:4  | Gained mutation: You are weak. (Str -2) [a shining eye]
 52746 | Slime:4  | Gained mutation: You are occasionally teleported next to
                  | monsters. [a shining eye]
 52773 | Slime:5  | Entered Level 5 of the Pits of Slime
 52804 | Slime:5  | Received a gift from Trog
 52823 | Slime:5  | Noticed the Royal Jelly
 53001 | Slime:5  | Killed the Royal Jelly
 53007 | Slime:5  | Received a gift from Trog
 53080 | Slime:5  | Identified the +1 robe of Past Mistakes {Str+2 Int+3 Dex+3}
 53160 | Slime:5  | Identified the +2 shortbow "Dragonbane" {antimagic, rF+ rN+
                  | Str+2}
 53214 | Slime:5  | Identified the +9 rapier of the Unseen Realm {freeze, rElec
                  | rF+ rCorr Str-2}
 53224 | Slime:5  | Got a slimy rune of Zot
 53225 | Slime:5  | Identified the amulet "Put-Me-On" {Faith +Inv Slay+2}
 53237 | Slime:5  | Identified the ring "Paipip" {rF- Str+4 Int+6}
 53773 | Slime:3  | Gained mutation: Armour fits poorly on your strangely
                  | shaped body. [a shining eye]
 53775 | Slime:3  | Gained mutation: You occasionally shout uncontrollably at
                  | your foes. [a shining eye]
 53799 | Slime:2  | Reached XP level 25. HP: 141/173 MP: 23/23
 54210 | Depths:1 | Entered Level 1 of the Depths
 54250 | Depths:1 | Found a one-way gate to the infinite horrors of the Abyss.
 54634 | Depths:1 | Received a gift from Trog
 54674 | Depths:1 | Noticed a juggernaut
 54684 | Depths:1 | Killed a juggernaut
 54839 | Depths:1 | Identified the +5 chain mail of Ru's Benevolence {^Drain
                  | rCorr Dex+3}
 55325 | Depths:1 | Found a gateway to Hell.
 55704 | Depths:2 | Found a one-way gate leading to the halls of Pandemonium.
 56210 | Depths:2 | Noticed a juggernaut
 56222 | Depths:2 | Killed a juggernaut
 56230 | Depths:2 | Received a gift from Trog
 56520 | Depths:2 | Identified the +0 halberd of the Cup {flame, rF+ rC- Str+3}
 56975 | Depths:2 | Reached XP level 26. HP: 172/182 MP: 23/23
 57093 | Depths:2 | Identified the amulet of Pragmatism {Spirit Rampage Str+4}
 57095 | Depths:2 | Identified the +3 battleaxe of Anger {freeze, rPois rF+
                  | Dex+3}
 57477 | Depths:3 | Received a gift from Trog
 57582 | Depths:3 | Identified the +2 trident of Ybeetej {flame, ^Drain rElec
                  | rC+ Dex+6}
 58219 | Depths:3 | Lost mutation: You are occasionally teleported next to
                  | monsters. [potion of mutation]
 58219 | Depths:3 | Lost mutation: Your health recovers twice as slowly from
                  | being drained. [potion of mutation]
 58219 | Depths:3 | Lost mutation: Potions are less effective at restoring your
                  | health. [potion of mutation]
 58220 | Depths:3 | Lost mutation: Your natural rate of healing is unusually
                  | fast. [potion of mutation]
 58220 | Depths:3 | Lost mutation: You occasionally shout uncontrollably at
                  | your foes. [potion of mutation]
 58220 | Depths:3 | Gained mutation: You are dopey. (Int -2) [potion of
                  | mutation]
 58220 | Depths:3 | Gained mutation: Your spells are a little harder to cast,
                  | but a little more powerful. [potion of mutation]
 58221 | Depths:3 | Lost mutation: Armour fits poorly on your strangely shaped
                  | body. [potion of mutation]
 58221 | Depths:3 | Lost mutation: You are weak. (Str -2) [potion of mutation]
 58221 | Depths:3 | Gained mutation: Your magical capacity is low. (-10% MP)
                  | [potion of mutation]
 58221 | Depths:3 | Gained mutation: Your spells are harder to cast, but more
                  | powerful. [potion of mutation]
 58221 | Depths:3 | Gained mutation: You are strong-willed. (Will+) [potion of
                  | mutation]
 58559 | Depths:4 | Entered Level 4 of the Depths
 58722 | Depths:4 | Found a one-way gateway to a ziggurat.
 58722 | Depths:4 | Noticed a dread lich
 58755 | Depths:4 | Found Coriunti's Magic Scroll Shoppe.
 58758 | Depths:4 | Bought a scroll of blinking for 97 gold pieces
 58758 | Depths:4 | Bought a scroll of fog for 52 gold pieces
 58758 | Depths:4 | Bought a scroll of fear for 52 gold pieces
 58758 | Depths:4 | Bought a scroll of teleportation for 39 gold pieces
 58758 | Depths:4 | Bought a scroll of fear for 52 gold pieces
 58793 | Depths:4 | Killed a dread lich
 58896 | Zig:1    | Entered Level 1 of a ziggurat
 58916 | Zig:2    | Entered Level 2 of a ziggurat
 58960 | Zig:3    | Entered Level 3 of a ziggurat
 58982 | Zig:3    | Identified the +3 scale mail "Qaraf" {Stlth+}
 58992 | Zig:4    | Entered Level 4 of a ziggurat
 58995 | Zig:4    | Noticed Bidev the pandemonium lord
 58995 | Zig:4    | Found the +7 mace of Variability {chaos, chaos arc}
 59011 | Zig:4    | Killed Bidev the pandemonium lord
 59054 | Zig:5    | Entered Level 5 of a ziggurat
 59058 | Zig:5    | Noticed a Killer Klown
 59058 | Zig:5    | Noticed a Killer Klown
 59065 | Zig:5    | Received a gift from Trog
 59069 | Zig:5    | Killed a Killer Klown
 59070 | Zig:5    | Killed a Killer Klown
 59095 | Zig:6    | Entered Level 6 of a ziggurat
 59212 | Depths:4 | Found Methramn's Jewellery Shoppe.
 59402 | Depths:4 | Found a gate to the Realm of Zot.
 59473 | Depths:4 | Found Reicvor's General Store.
 59482 | Depths:4 | Bought a scroll of teleportation for 63 gold pieces
 59775 | Depths:4 | Identified the staff of Xebu {rC+ rCorr Str+3 SInv Ice}
 60020 | Depths:4 | Found Febbig's Jewellery Shop.
 60127 | Zot:1    | Entered Level 1 of the Realm of Zot
 60447 | Zot:1    | Reached XP level 27. HP: 174/189 MP: 20/20
 60886 | Zot:1    | Identified the ring "Lobrix" {Ice rN+ Will+ Str+5 Dex-2}
 60886 | Zot:1    | Noticed Josephina
 60910 | Zot:1    | Killed Josephina
 61690 | Zot:2    | Reached skill level 15 in Evocations
 62487 | Zot:3    | Found a transporter.
 62503 | Zot:3    | Found a transporter.
 62629 | Zot:3    | Identified the +1 hat of the Unseen Realm {rF- rC+ Will+
                  | Int+4}
 62641 | Zot:3    | Identified the ring "Much" {Int+5 SInv}
 63088 | Zot:3    | Received a gift from Trog
 63418 | Zot:3    | Found a runed translucent gate.
 63418 | Zot:3    | Found a runed translucent gate.
 63419 | Zot:3    | Found a runed translucent gate.
 63422 | Zot:3    | Noticed Jofris Vesimp's ghost (legendary GnFE)
 63578 | Zot:3    | Identified the +2 cloak "Vytar" {Regen+ Int+5 Dex-2}
 63941 | Zot:3    | Killed from afar by Jofris Vesimp's ghost

Illustrated notes

Levels and vault maps discovered:
D:1:      scummos_arrival_gate, layout_basic
D:2:      layout_basic, grunt_ministairs_13, serial_park_tiny_2,
          chequers_big_river, minmay_pentomino_pile, uniq_jessica, uniq_natasha
D:3:      layout_loops_ring, mainiacjoe_overflow_brackets, uniq_robin
D:4:      layout_basic, hellmonk_okawaru_the_only_friend_you_need
D:5:      layout_cave_pools, mainiacjoe_overflow_alcove_2,
          mainiacjoe_overflow_24_doors, zin_academy, minmay_temple_entry_glass,
          minmay_misc_feat_more_columns, minmay_checkerbox, uniq_sigmund
D:6:      minmay_spotlight, layout_rooms, serial_corexii_hall,
          corexii_hall_statues_s, corexii_hall_statues_l
D:7:      layout_loops_ring, nicolae_dithmenos_through_a_glass_darkly
D:8:      layout_loops_ring, serial_shops, nicolae_shop_hallway_plus,
          uniq_prince_ribbit1
D:9:      layout_long_grid, yredelemnul_forgotten_temple_becter,
          mainiacjoe_overflow_alcove_4, gammafunk_ghost_stat_death,
          enter_bailey_2, serial_shops, shop, shop, minmay_circle_x
D:10:     layout_roguey, david_lair_shrubbed, gammafunk_ghost_hydra_chop
D:11:     layout_layer_cave, item_on_display_a, uniq_snorg
D:12:     minmay_complete_graph, layout_irregular_city,
          nicolae_trove_entry_diagonal, uniq_psyche
D:13:     layout_small_grid, david_vaults_3, ebering_ghost_reflecting_pool
D:14:     layout_basic, guppyfry_shop_venom, uniq_kirke
D:15:     grunt_enter_depths_snipers, layout_basic, nicolae_uskayaw_dance_hall,
          serial_corexii_hall, chequers_hall_statues_y, corexii_hall_statues_s,
          corexii_hall_statues_l, minmay_sticks_and_stones, uniq_nessos
Temple:   eino_temple_water
Lair:1:   lemuel_ratsnest, layout_cave_pods, serial_rivers,
          chequers_serial_rivers_room_b, chequers_serial_rivers_large_a,
          chequers_serial_rivers_micro_c, chequers_serial_rivers_micro_b,
          chequers_serial_rivers_micro_a
Lair:2:   layout_cave_shapes, evilmike_ambush [evilmike_ambush_outer_corners,
          evilmike_ambush_inner_basic]
Lair:3:   layout_big_grid, elwin_shoals_entry_rocks, alex1729_snake_entry_snake,
          cheibrodos_lair_reptile_den, grunt_megastairs_5, lemuel_fruit_fields,
          lemuel_fruit_tree, uniq_nergalle
Lair:4:   layout_roguey, slime_entry_1, minmay_lair_drake_nest,
          infiniplex_staircase_pool
Lair:5:   minmay_lair_end_frog_pond, layout_cave_pods, grunt_megastairs_3
Shoals:1: cheibrodos_shoals_gigantism, layout_shoals,
          portal_ice_cave_entry_pillars_four, nicolae_shop_overcharged_wands,
          uniq_louise
Shoals:2: layout_shoals, uniq_polyphemus, uniq_ilsuiw, uniq_donald
Shoals:3: layout_shoals, nicolae_shoals_wave_tunnel
Shoals:4: shoals_end_grunt_ice, layout_shoals
Snake:1:  layout_gridlike, grunt_megastairs_2, uniq_frances, uniq_aizul,
          uniq_agnes
Snake:2:  layout_layer_cave, serial_shops, nicolae_shop_advertising_works
          [nicolae_subvault_shop_adworks], shop, shop, shop, grunt_ministairs_9
Snake:3:  layout_cave_town
Snake:4:  grunt_snake_rune_serpentine_throne, layout_basic
Slime:1:  layout_caves
Slime:2:  layout_caves
Slime:3:  layout_caves
Slime:4:  layout_caves
Slime:5:  slime_pit_nicolae_trefoil
Orc:1:    layout_caves, nicolae_orc_rockfall, minmay_orc_temple_a, uniq_fannar,
          uniq_harold
Orc:2:    hellmonk_orc_salted, layout_caves
Elf:1:    layout_loops_cross, serial_shops, nicolae_shop_hallway_stairs,
          nicolae_elf_shapeshifter_party
Elf:2:    elven_hall_of_blades_hangedman_original
          [nicolae_blade_entry_crossed_weapons], layout_gridlike, serial_shops,
          nicolae_shop_back_alley_shop
Elf:3:    nooodl_elf_gasket, layout_loops_ring,
          serial_library_hellmonk_small_corner
Vaults:1: vaults_room_grid, v_misc_25, nicolae_vaults_storage_room_statues,
          ontoclasm_vaults_hangar, nicolae_vaults_closet_pinwheel_4,
          nicolae_vaults_what_the_h, hangedman_vaults_river_flow,
          nicolae_vaults_closet_pinwheel_2, nicolae_vaults_lightning_bolt,
          v_alt_pattern_1, nicolae_vaults_tetromino_L_2,
          ontoclasm_vaults_ring_square, nicolae_vaults_alarming,
          nicolae_vaults_octothorpe, hangedman_vaults_cutoff,
          layout_vaults_big_cross, uniq_zenata
Vaults:2: nicolae_vaults_network_square, vaults_room_large_hall,
          vaults_mumra_hexcomb, ontoclasm_vaults_misaligned, v_misc_18,
          vaults_room_corners, nicolae_vaults_taking_the_gang_shopping,
          abrahamwl_protected_by_tso_1, vaults_room_stairs_pillars, v_misc_8,
          vaults_standard_mumra_x, minmay_crypt_entry_simple_statues,
          grunt_vaults_hallway_long, vaults_mumra_chevron_long,
          layout_vaults_ring, serial_shops, nicolae_diamond_shop, shop,
          nicolae_shop_real_fake_doors, nicolae_diamond_shop,
          nicolae_shop_competitors_out_of_business, uniq_jory
Vaults:3: nicolae_vaults_asterisk, v_misc_18,
          vaults_standard_mumra_enter_the_diamond, ontoclasm_vaults_bender,
          nicolae_vaults_tetromino_L_2, nicolae_vaults_branching_niches,
          nicolae_vaults_house_2, layout_vaults_quadrants
Vaults:4: nicolae_vaults_tangram_2, vaults_dpeg_hooks,
          nicolae_vaults_little_squares_1, nicolae_vaults_mitosis,
          nicolae_vaults_little_squares_3, v_misc_29,
          nicolae_vaults_offset_grid_hallway_4, nicolae_vaults_little_squares_3,
          ontoclasm_vaults_fault, dpeg_vaults_monster_box,
          nicolae_vaults_tetromino_Z_1, layout_vaults_chaotic_city,
          uniq_bai_suzhen
Vaults:5
Crypt:1:  layout_regular_city, minmay_misc_feat_alley,
          grunt_crypt_arrival_guarded_gate, lemuel_upstairs_altar,
          grunt_megastairs_1
Crypt:2:  layout_misc_corridors, grunt_ministairs_6,
          amcnicky_mini_rare_corridor_liquid, serial_sigils_hangedman_scar
Crypt:3:  due_elkab, layout_chaotic_city, tomb_entry_forgotten_bobbens,
          mu_enter_wizlab_3, grunt_ministairs_5, uniq_margery, uniq_xtahua
Depths:1: layout_gridlike, hangedman_abyss_entry_splay, abandoned_shop,
          grunt_hell_entry_demonic_statue, minmay_the_grid_2x2
          [minmay_the_grid_zigzag_pyramid, minmay_the_grid_box_x,
          minmay_the_grid_empty, minmay_the_grid_prize_four_corners_diamond_a]
Depths:2: little_maze_vault, layout_basic, grunt_pan_entry_spiral,
          grunt_hell_entry_dis_grunt, minivault_16
Depths:3: hangedman_elemental_death_ray, layout_gridlike, hellmouth_1,
          infiniplex_staircase_pool_lava, abyss_entry, serial_bayou_shore_b
Depths:4: grunt_zot_entry_tricorne, layout_basic, enter_ziggurat_c,
          pf_hell_entry_great_geh, minmay_misc_feat_roman, serial_shops,
          nicolae_shop_back_alley_shop, nicolae_shop_tiny_waterfront,
          nicolae_inconvenience_store, nicolae_shop_behind_doors,
          abyss_entry_small_statue_room
Zot:1:    layout_twisted_circle, hangedman_zot_decor_unnerving_road,
          grunt_ministairs_1, uniq_josephina
Zot:2:    layout_gridlike
Zot:3:    gammafunk_sealed_arena, layout_misc_corridors,
          gammafunk_ghost_tricky_traps

Skill      XL: |  1  2  3  4  5  6  7  8  9 10 11 12 13 14 15 16 17 18 19 20 21 22 23 24 25 26 27 |
---------------+----------------------------------------------------------------------------------+-----
Axes           | 3 4 5 6 7 9 11 12 13 15 16 17 18 19 20 21 22 23 | 23.8
Armour         | 3 4 5 6 7 9 10 11 12 13 14 15 16 17 18 19 20 21 22 23 24 | 24.4
Fighting       | 4 5 6 8 9 10 11 12 13 14 15 16 17 18 19 20 21 22 23 24 | 24.6
Shields        | 2 5 7 9 10 13 15 17 18 19 20 21 22 23 24 | 24.4
Evocations     | 4 6 8 9 11 12 13 14 15 | 15.6
Dodging        | |  1.5

Action                     |  1- 3 |  4- 6 |  7- 9 | 10-12 | 13-15 | 16-18 | 19-21 | 22-24 | 25-27 || total
---------------------------+-------+-------+-------+-------+-------+-------+-------+-------+-------++-------
  Melee: Hand axe          |   122 |   214 |    40 |       |       |       |       |       |       ||   376
         Punch             |     2 |     1 |     3 |     4 |       |       |       |       |       ||    10
         War axe           |       |       |   330 |   410 |       |    10 |     9 |   276 |   227 ||  1262
         Spear             |       |       |       |    74 |    26 |       |       |       |       ||   100
         Broad axe         |       |       |       |   273 |  1055 |  1357 |  1269 |  1022 |  1258 ||  6234
 Invoke: Berserk           |     5 |     7 |    16 |    22 |    11 |    14 |    10 |       |     1 ||    86
         Trog's Hand       |       |     2 |     7 |    12 |     7 |     8 |    21 |    16 |    22 ||    95
         Brothers in Arms  |       |       |       |       |       |     1 |     4 |     5 |     9 ||    19
  Evoke: Phantom mirror    |       |       |       |       |       |       |       |       |     1 ||     1
    Use: Scroll            |       |       |    11 |    10 |     8 |     2 |    12 |    10 |    11 ||    64
         Potion            |       |       |     2 |     3 |     1 |     1 |     5 |     3 |    10 ||    25
   Stab: Distracted        |       |       |       |       |     1 |     2 |     2 |     2 |     1 ||     8
 Armour: Animal skin       |    15 |       |       |       |       |       |       |       |       ||    15
         Ring mail         |    64 |   117 |   101 |       |       |       |       |       |       ||   282
         Chain mail        |       |       |    77 |   519 |   543 |   707 |   683 |       |   904 ||  3433
         Plate armour      |       |       |       |       |       |       |   284 |  1588 |   203 ||  2075
         Gold dragon scale |       |       |       |       |       |       |       |       |   632 ||   632
  Dodge: Dodged            |    72 |   139 |   227 |   264 |   222 |   194 |   320 |   415 |   442 ||  2295
  Block: Other             |       |       |       |    49 |       |       |       |       |       ||    49
         Buckler           |       |       |       |    80 |       |       |       |       |       ||    80
         Reflection        |       |       |       |     8 |    31 |   106 |    72 |    31 |    25 ||   273
         Kite shield       |       |       |       |   165 |   821 |  1110 |   802 |  1114 |  1309 ||  5321
